 Dungeon Crawl Stone Soup version 0.18-a0-917-g8a3da5b (webtiles) character file.

490 JokEr the Bolt Thrower (level 6, 0/61 HPs)
             Began as a Centaur Hunter on Dec 26, 2015.
             Slain by an ogre
             ... wielding a +0 giant spiked club
              (18 damage)
             ... on level 4 of the Dungeon.
             The game lasted 00:10:59 (2933 turns).

JokEr the Bolt Thrower (Centaur Hunter)             Turns: 2933, Time: 00:10:59

Health: 0/61       AC: 11    Str: 17    XL:     6   Next: 90%
Magic:  6/6        EV:  2    Int: 13    God:
Gold:   222        SH:  0    Dex:  9    Spells: 0 memorised, 5 levels left

rFire  . . .     SeeInvis .     b - +0 short sword
rCold  . . .     Gourm    .     q - +0 plate armour
rNeg   . . .     Faith    .     (no shield)
rPois  +         Spirit   .     l - +2 helmet {Int+3}
rElec  .         Dismiss  .     (no cloak)
rCorr  .         Reflect  .     (no gloves)
SustAt .         Harm     .     (no barding)
MR     .....                    (no amulet)
Stlth  ..........               (no ring)
                                (no ring)

@: very quick, not resistant to hostile enchantments, extremely unstealthy
A: hooves 3, deformed body, speed 2, poison resistance, robust 1, tough skin 3
a: no special abilities


You were on level 4 of the Dungeon.
You were not hungry.

You visited 1 branch of the dungeon, and saw 4 of its levels.

You collected 222 gold pieces.

Inventory:

Hand Weapons
 a - a +2 hand crossbow
 b - a +0 short sword (weapon)
Armour
 l - a +2 helmet of intelligence (worn)
 q - a +0 plate armour (worn)
Jewellery
 i - an uncursed ring of protection from cold {unknown}
Scrolls
 j - 4 scrolls of remove curse
 p - a scroll of recharging {unknown}
 s - 2 scrolls of teleportation
 t - a scroll of magic mapping
 v - 3 scrolls of fog
Potions
 c - a potion of berserk rage {unknown}
 e - a potion of flight
 g - 3 potions of brilliance {unknown}
 h - a potion of haste {unknown}
 o - 3 potions of poison {unknown}
 r - a potion of lignification {unknown}
 w - a potion of might {unknown}
 x - a potion of resistance {unknown}
Comestibles
 d - a meat ration
 f - 4 bread rations


   Skills:
 + Level 5.4 Fighting
 + Level 7.1 Crossbows
 - Level 1.3 Dodging
 - Level 0.5 Stealth


You had 5 spell levels left.
You didn't know any spells.

Dungeon Overview and Level Annotations

Branches:
Dungeon (4/15)
 Temple: D:4-7

Altars:
Nemelex Xobeh
Yredelemnul
Zin
The Shining One

Annotations:
D:3 stickyfingers's ghost, novice MiSu


Innate Abilities, Weirdness & Mutations

You have hooves in place of feet.
Armour fits poorly on your strangely shaped body.
You cover ground very quickly.
You have extremely tough skin (AC +3).
Your system is resistant to poisons.
You are robust (+10% HP).


Message History

The ogre hits you with a giant spiked club.
Your plate armour prevents you from hitting the ogre.
The ogre is lightly wounded.
Your plate armour prevents you from hitting the ogre.
The ogre is lightly wounded.
The ogre hits you but does no damage.
You hit the ogre but do no damage.
The ogre is lightly wounded.
The ogre hits you with a giant spiked club!!
* * * LOW HITPOINT WARNING * * *
Drink which item? (? for menu, Esc to quit)
You feel much better.
The ogre hits you with a giant spiked club!
* * * LOW HITPOINT WARNING * * *
You hit the ogre.
The ogre is moderately wounded.
You hit the ogre.
The ogre is heavily wounded.
The ogre hits you with a giant spiked club!!
You die...

##### ##... #### ...
..+... #.# ... #@# ....
## #O# ..#
...####.###### #.#
##.....(.....#####.#####
.(.....................)
.#............[.........
#......................
#......................
##.....................


You could see an ogre.

Vanquished Creatures
  A phantom (D:4)
  2 orc wizards (D:4)
  A giant frog skeleton (D:4)
  A centaur skeleton (D:3)
  2 iguanas
  4 worker ants
  A gnoll (D:3)
  5 adders
  2 oozes
  An adder skeleton (D:4)
  A worm (D:2)
  4 giant geckos
  6 orcs (D:4)
  2 ball pythons
  4 bats
  2 giant cockroaches
  6 hobgoblins
  2 jackals (D:3)
  9 kobolds
  A quokka (D:2)
  5 giant newts
  5 goblins
  9 rats
76 creatures vanquished.

Notes
Turn   | Place    | Note
--------------------------------------------------------------
     0 | D:1      | JokEr the Centaur Hunter began the quest for the Orb.
     0 | D:1      | Reached XP level 1. HP: 17/17 MP: 1/1
   152 | D:1      | Reached XP level 2. HP: 23/25 MP: 2/2
   872 | D:1      | Gained mutation: Your system is resistant to poisons. [potion of beneficial mutation]
   873 | D:1      | Gained mutation: You are robust (+10% HP). [potion of beneficial mutation]
   922 | D:2      | Reached XP level 3. HP: 34/34 MP: 3/3
  1033 | D:2      | Reached skill level 5 in Crossbows
  1269 | D:2      | Found a glowing silver altar of Zin.
  1293 | D:2      | Found a sparkling altar of Nemelex Xobeh.
  1501 | D:3      | Reached XP level 4. HP: 41/41 MP: 4/4
  1678 | D:3      | Noticed stickyfingers's ghost (novice MiSu)
  1962 | D:3      | Found a basalt altar of Yredelemnul.
  1965 | D:3      | Noticed a profane servitor
  1981 | D:3      | Found a glowing golden altar of the Shining One.
  1983 | D:3      | Noticed an angel
  2234 | D:3      | Reached XP level 5. HP: 40/50 MP: 5/5
  2498 | D:4      | Noticed a phantom
  2515 | D:4      | Killed a phantom
  2515 | D:4      | Reached skill level 6 in Crossbows
  2573 | D:4      | Reached XP level 6. HP: 58/58 MP: 6/6
  2612 | D:4      | Reached skill level 5 in Fighting
  2779 | D:4      | Reached skill level 7 in Crossbows
  2933 | D:4      | Slain by an ogre

Vault maps used:
D:1:      erik_arrival_blinker_ship
D:2:      zin_statuary, nemelex_diamond_rough_becter
D:3:      grunt_temple_overflow_holy_war, grunt_ministairs_8
D:4:      minmay_temple_entry_enclosed_plants

Action                   |  1- 3 |  4- 6 || total
-------------------------+-------+-------++-------
Melee: Hand crossbow     |       |     2 ||     2
       Short sword       |       |    11 ||    11
 Fire: Hand crossbow     |    79 |   153 ||   232
  Use: Scroll            |    12 |     2 ||    14
       Potion            |     2 |     2 ||     4
  Eat: Chunk             |       |     4 ||     4
